TOP OF THE 1ST |
Albuquerque Isotopes batting - Pitching for Calgary Cowboys : RHP Eric Bell
|
Pitching: RHP Eric Bell
|
|
Batting: RHB José Bautista
|
0-0: Foul Ball, location: 2F 0-1: Swinging Strike 0-2: Fly out, F8 (Flyball, 8LM)
|
Batting: RHB Chris Terry
|
0-0: Ball 1-0: Called Strike 1-1: Ball 2-1: Called Strike 2-2: Ball 3-2: Strikes out looking
|
Batting: LHB Manny Mejía
|
0-0: Foul Ball, location: 2F 0-1: Called Strike 0-2: Ball 1-2: Strikes out swinging
|
Top of the 1st over - 0 run(s), 0 hit(s), 0 error(s), 0 left on base; Albuquerque 0 - Calgary 0 |
BOTTOM OF THE 1ST |
Calgary Cowboys batting - Pitching for Albuquerque Isotopes : RHP Teruo Sato
|
Pitching: RHP Teruo Sato
|
|
Batting: RHB Clark Hodge
|
0-0: Called Strike 0-1: Foul Ball, location: 2F 0-2: Foul Ball, location: 2F 0-2: Ball 1-2: Strikes out swinging, 2-3 out at first.
|
Batting: LHB Donald Schultz
|
0-0: Ball 1-0: Ground out 1-3 (Groundball, 15)
|
Batting: RHB Dan Wyatt
|
0-0: Ball 1-0: Foul Ball, location: 2F 1-1: Foul Ball, location: 2F 1-2: Ball 2-2: Ground out 6-3 (Groundball, 6)
|
Bottom of the 1st over - 0 run(s), 0 hit(s), 0 error(s), 0 left on base; Albuquerque 0 - Calgary 0 |
TOP OF THE 2ND |
Albuquerque Isotopes batting - Pitching for Calgary Cowboys : RHP Eric Bell
|
Batting: RHB Sze Qi
|
0-0: Ball 1-0: Reached on error, E1 (Groundball, 13)
|
Batting: RHB Edward Young
|
0-0: Called Strike 0-1: Ball 1-1: Ball 2-1: Called Strike 2-2: Ground out 5-3 (Groundball, 5S) Sze Qi to second
|
Batting: LHB A.J. Major
|
0-0: Ball 1-0: Called Strike 1-1: Ball 2-1: Fly out, F7 (Flyball, 7LD) Runner from 2nd tags up, SAFE at 3rd, no throw
|
Batting: LHB Pedro Vega
|
0-0: Ball 1-0: Swinging Strike 1-1: Ball 2-1: Ground out 4-3 (Groundball, 4M)
|
Top of the 2nd over - 0 run(s), 0 hit(s), 1 error(s), 1 left on base; Albuquerque 0 - Calgary 0 |
BOTTOM OF THE 2ND |
Calgary Cowboys batting - Pitching for Albuquerque Isotopes : RHP Teruo Sato
|
Batting: RHB Cristián Peña
|
0-0: Swinging Strike 0-1: Foul Ball, location: 2F 0-2: SINGLE (Line Drive, 8RS)
|
Batting: LHB Al Ryan
|
0-0: Ball 1-0: Called Strike 1-1: Fly out, F7 (Flyball, 78M)
|
Batting: RHB Ramón Martínez
|
0-0: Called Strike 0-1: Foul Ball, location: 2F 0-2: Ball 1-2: 2-RUN HOME RUN (Flyball, 7D), Distance : 374 ft
|
Batting: RHB Jesús Hernández
|
0-0: Bunt for hit - play at first, batter safe!
|
Batting: RHB Tom Yarbrough
|
0-0: Foul Ball, location: 2F 0-1: Ball Wild Pitch! Jesús Hernández to second 1-1: Ground out 6-3 (Groundball, 6)
|
Batting: RHB Júlio Soto
|
0-0: Ball 1-0: SINGLE (Flyball, 89S) Jesús Hernández to third Runner from 3rd tries for Home, SAFE, throw made home Júlio Soto to second
|
Batting: RHB Clark Hodge
|
0-0: Ball 1-0: Called Strike 1-1: Foul Ball, location: 2F 1-2: Foul Ball, location: 2F 1-2: Ground out 5-3 (Groundball, 56S)
|
Bottom of the 2nd over - 3 run(s), 4 hit(s), 0 error(s), 1 left on base; Albuquerque 0 - Calgary 3 |
TOP OF THE 3RD |
Albuquerque Isotopes batting - Pitching for Calgary Cowboys : RHP Eric Bell
|
Batting: SHB José Sosa
|
0-0: Ball 1-0: Ball 2-0: Called Strike 2-1: Ball 3-1: SINGLE (Line Drive, 4)
|
Batting: RHB Luis Martínez
|
0-0: Grounds into double play, 5-4-3 (Groundball, 56)
|
Batting: RHB José Bautista
|
0-0: Ball 1-0: Foul Ball, location: 2F 1-1: Ball 2-1: Ball 3-1: Base on Balls
|
Batting: RHB Chris Terry
|
0-0: Called Strike 0-1: Ground out 5-3 (Groundball, 5)
|
Top of the 3rd over - 0 run(s), 1 hit(s), 0 error(s), 1 left on base; Albuquerque 0 - Calgary 3 |
BOTTOM OF THE 3RD |
Calgary Cowboys batting - Pitching for Albuquerque Isotopes : RHP Teruo Sato
|
Batting: LHB Donald Schultz
|
0-0: Ball 1-0: Called Strike 1-1: Foul Ball, location: 2F 1-2: Foul Ball, location: 2F 1-2: Strikes out swinging
|
Batting: RHB Dan Wyatt
|
0-0: Swinging Strike 0-1: Ground out 2-3 (Groundball, 2L)
|
Batting: RHB Cristián Peña
|
0-0: Called Strike 0-1: Ball 1-1: Ball 2-1: Foul Ball, location: 2F 2-2: Ball 3-2: Foul Ball, location: 2F 3-2: Ground out 2-3 (Groundball, 2L)
|
Bottom of the 3rd over - 0 run(s), 0 hit(s), 0 error(s), 0 left on base; Albuquerque 0 - Calgary 3 |
TOP OF THE 4TH |
Albuquerque Isotopes batting - Pitching for Calgary Cowboys : RHP Eric Bell
|
Batting: LHB Manny Mejía
|
0-0: Ball 1-0: Ball 2-0: Ball 3-0: Called Strike 3-1: Base on Balls
|
Batting: RHB Sze Qi
|
0-0: Ball 1-0: Grounds into double play, 6-4-3 (Groundball, 6)
|
Batting: RHB Edward Young
|
0-0: Fly out, F6 (Line Drive, 6M)
|
Top of the 4th over - 0 run(s), 0 hit(s), 0 error(s), 0 left on base; Albuquerque 0 - Calgary 3 |
BOTTOM OF THE 4TH |
Calgary Cowboys batting - Pitching for Albuquerque Isotopes : RHP Teruo Sato
|
Batting: LHB Al Ryan
|
0-0: Ball 1-0: Ball 2-0: Ball 3-0: Called Strike 3-1: Base on Balls
|
Batting: RHB Ramón Martínez
|
0-0: Foul Ball, location: 2F 0-1: Ball 1-1: Ball 2-1: Foul Ball, location: 2F 2-2: SINGLE (Groundball, 6MD) Al Ryan to second
|
Batting: RHB Jesús Hernández
|
0-0: Swinging Strike 0-1: Ball 1-1: Ball 2-1: Foul Ball, location: 2F 2-2: Foul Ball, location: 2F 2-2: Ball 3-2: Foul Ball, location: 2F 3-2: Strikes out swinging
|
Batting: RHB Tom Yarbrough
|
0-0: Ball 1-0: Grounds into double play, 6-4-3 (Groundball, 6)
|
Bottom of the 4th over - 0 run(s), 1 hit(s), 0 error(s), 1 left on base; Albuquerque 0 - Calgary 3 |
TOP OF THE 5TH |
Albuquerque Isotopes batting - Pitching for Calgary Cowboys : RHP Eric Bell
|
Batting: LHB A.J. Major
|
0-0: Ball 1-0: Called Strike 1-1: Swinging Strike 1-2: Strikes out swinging
|
Batting: LHB Pedro Vega
|
0-0: Called Strike 0-1: Ball 1-1: SINGLE (Groundball, 34D)
|
Batting: SHB José Sosa
|
0-0: Called Strike 0-1: Ball 1-1: Called Strike 1-2: Foul Ball, location: 2F 1-2: Strikes out swinging
|
Batting: RHB Luis Martínez
|
0-0: Called Strike 0-1: Fielders Choice at 2nd, U6 (Groundball, 6M)
|
Top of the 5th over - 0 run(s), 1 hit(s), 0 error(s), 1 left on base; Albuquerque 0 - Calgary 3 |
BOTTOM OF THE 5TH |
Calgary Cowboys batting - Pitching for Albuquerque Isotopes : RHP Teruo Sato
|
Batting: RHB Júlio Soto
|
0-0: Foul Ball, location: 2F 0-1: Ball 1-1: Called Strike 1-2: SINGLE (Groundball, 56D)
|
Pitching: LHP Dave Rice
|
|
Batting: RHB Clark Hodge
|
0-0: Called Strike 0-1: Foul Ball, location: 2F 0-2: Fly out, F2 (Popup, 2RF)
|
Batting: LHB Donald Schultz
|
0-0: Grounds into double play, 4-6-3 (Groundball, 4)
|
Bottom of the 5th over - 0 run(s), 1 hit(s), 0 error(s), 0 left on base; Albuquerque 0 - Calgary 3 |
TOP OF THE 6TH |
Albuquerque Isotopes batting - Pitching for Calgary Cowboys : RHP Eric Bell
|
Batting: RHB José Bautista
|
0-0: Ball 1-0: Called Strike 1-1: Foul Ball, location: 2F 1-2: Ball 2-2: SINGLE (Line Drive, 56)
|
Batting: RHB Chris Terry
|
0-0: Ball 1-0: Foul Ball, location: 2F 1-1: Foul Ball, location: 2F 1-2: Foul Ball, location: 2F 1-2: Ball 2-2: Ball 3-2: Grounds into double play, 1-6-3 (Groundball, 15)
|
Batting: LHB Manny Mejía
|
0-0: Swinging Strike 0-1: Fly out, F7 (Flyball, 7M)
|
Top of the 6th over - 0 run(s), 1 hit(s), 0 error(s), 0 left on base; Albuquerque 0 - Calgary 3 |
BOTTOM OF THE 6TH |
Calgary Cowboys batting - Pitching for Albuquerque Isotopes : LHP Dave Rice
|
Batting: RHB Dan Wyatt
|
0-0: Ball 1-0: Ball 2-0: Fly out, F8 (Flyball, 8RD)
|
Batting: RHB Cristián Peña
|
0-0: Ground out 6-3 (Groundball, 6MS)
|
Batting: LHB Al Ryan
|
0-0: Called Strike 0-1: Ball 1-1: Swinging Strike 1-2: Ground out 4-3 (Groundball, 4)
|
Bottom of the 6th over - 0 run(s), 0 hit(s), 0 error(s), 0 left on base; Albuquerque 0 - Calgary 3 |
TOP OF THE 7TH |
Albuquerque Isotopes batting - Pitching for Calgary Cowboys : RHP Eric Bell
|
Batting: RHB Sze Qi
|
0-0: Ball 1-0: Ball 2-0: Called Strike 2-1: Swinging Strike 2-2: Foul Ball, location: 2F 2-2: Ground out 5-3 (Groundball, 56)
|
Batting: RHB Edward Young
|
0-0: Called Strike 0-1: Ball 1-1: Fly out, F7 (Flyball, 7S)
|
Batting: LHB A.J. Major
|
0-0: Called Strike 0-1: Ball 1-1: Ball 2-1: SINGLE (Line Drive, 78S)
|
Batting: LHB Pedro Vega
|
0-0: Called Strike 0-1: Ball 1-1: Swinging Strike 1-2: Strikes out swinging
|
Top of the 7th over - 0 run(s), 1 hit(s), 0 error(s), 1 left on base; Albuquerque 0 - Calgary 3 |
BOTTOM OF THE 7TH |
Calgary Cowboys batting - Pitching for Albuquerque Isotopes : LHP Dave Rice
|
Pitching: LHP Cris Quezada
|
|
Batting: RHB Ramón Martínez
|
0-0: Called Strike 0-1: Swinging Strike 0-2: Fly out, F9 (Flyball, 9M)
|
Batting: RHB Jesús Hernández
|
0-0: Ball 1-0: Called Strike 1-1: SINGLE (Groundball, 25) (infield hit)
|
Batting: RHB Tom Yarbrough
|
0-0: Grounds into double play, 5-4-3 (Groundball, 56)
|
Bottom of the 7th over - 0 run(s), 1 hit(s), 0 error(s), 0 left on base; Albuquerque 0 - Calgary 3 |
TOP OF THE 8TH |
Albuquerque Isotopes batting - Pitching for Calgary Cowboys : RHP Eric Bell
|
Batting: SHB José Sosa
|
0-0: Ball 1-0: Called Strike 1-1: Ball 2-1: Foul Ball, location: 2F 2-2: Foul Ball, location: 2F 2-2: Foul Ball, location: 2F 2-2: Foul Ball, location: 2F 2-2: Foul Ball, location: 2F 2-2: Strikes out swinging
|
Pitching: RHP Luis Antonio Martínez
|
|
Batting: RHB Luis Martínez
|
0-0: SINGLE (Flyball, 9LS)
|
Batting: RHB José Bautista
|
0-0: Called Strike 0-1: Called Strike 0-2: Ball 1-2: Ball 2-2: SINGLE (Groundball, 34) Luis Martínez to second Runner from 2nd tries for 3rd, SAFE, no throw or cutoff
|
Batting: RHB Chris Terry
|
0-0: Called Strike 0-1: Called Strike 0-2: Strikes out swinging
|
Batting: LHB Manny Mejía
|
0-0: Ball 1-0: Called Strike 1-1: Ground out U3 (Groundball, 3S)
|
Top of the 8th over - 0 run(s), 2 hit(s), 0 error(s), 2 left on base; Albuquerque 0 - Calgary 3 |
BOTTOM OF THE 8TH |
Calgary Cowboys batting - Pitching for Albuquerque Isotopes : LHP Cris Quezada
|
Batting: RHB Júlio Soto
|
0-0: Ball 1-0: DOUBLE (Line Drive, 7LM)
|
Batting: RHB Clark Hodge
|
0-0: Intentional Walk
|
Batting: LHB Donald Schultz
|
0-0: Called Strike 0-1: Swinging Strike 0-2: Ball 1-2: Foul Ball, location: 2F 1-2: Ball 2-2: Ball 3-2: Fielders Choice at 2nd, 4-6 (Groundball, 4) Júlio Soto to third
|
Batting: RHB Dan Wyatt
|
0-0: Foul Ball, location: 2F 0-1: Swinging Strike 0-2: Fly out, F8 (Flyball, 8LD) Runner from 3rd tags up, SCORES, no throw
|
Batting: RHB Cristián Peña
|
0-0: Ball 1-0: Called Strike 1-1: SINGLE (Groundball, 4M) Donald Schultz to second
|
Batting: LHB Al Ryan
|
0-0: Ground out 6-3 (Groundball, 6)
|
Bottom of the 8th over - 1 run(s), 2 hit(s), 0 error(s), 2 left on base; Albuquerque 0 - Calgary 4 |
TOP OF THE 9TH |
Albuquerque Isotopes batting - Pitching for Calgary Cowboys : RHP Luis Antonio Martínez
|
Batting: RHB Sze Qi
|
0-0: Fly out, F9 (Flyball, 89M)
|
Batting: RHB Edward Young
|
0-0: Foul Ball, location: 2F 0-1: Ball 1-1: SINGLE (Groundball, 15) (infield hit)
|
Batting: LHB A.J. Major
|
0-0: SINGLE (Groundball, 56D) Edward Young to second
|
Pitching: LHP Alfredo Durán
|
|
Batting: LHB Pedro Vega
|
0-0: Ball 1-0: Called Strike 1-1: Swinging Strike 1-2: Foul Ball, location: 2F 1-2: Foul Ball, location: 2F 1-2: Grounds into double play, 4-6-3 (Groundball, 4)
|
Top of the 9th over - 0 run(s), 2 hit(s), 0 error(s), 1 left on base; Albuquerque 0 - Calgary 4 |
|